 Dungeon Crawl Stone Soup version bcrawl-1.40.3b (webtiles) character file.

Game seed: 2886835095937133245

295275 petercordia the Basher (level 8, 88/88 HPs)
             Began as an Ent Monk on Jan 7, 2024.
             Was a Follower of Ru.
             Got out of the dungeon alive.
             The game lasted 00:09:31 (3918 turns).

petercordia the Basher (Ent Monk)                   Turns: 3918, Time: 00:09:31

Health: 88/88      AC: 15    Str: 20    XL:     8   Next: 32%
Magic:  9/9        EV: 12    Int: 10    God:    Ru [*.....]
Gold:   335        SH:  0    Dex: 14    Spells: 7/7 levels left

rFire    . . .     GDR:     34% A - +0 giant club
rCold    . . .     SeeInvis .   (shield currently unavailable)
rNeg     + + +     Gourm    .   (armour unavailable)
rPois    +         Faith    .   b - +0 hat
rElec    .         Spirit   +   (no cloak)
rCorr    .         Reflect  .   (gloves unavailable)
MR       .....                  (boots unavailable)
Stlth    +++.......             c - amulet of guardian spirit
HPRegen  0.24/turn              (no ring)
MPRegen  0.11/turn              (no ring)

@: very slow
A: large, slow actions, passwall, strong branches, negative energy resistance 3,
poison resistance, slow metabolism 1, torment resistance, unbreathing, no air
magic, no hexes magic, no summoning magic, AC +15
a: Passwall, Sacrifice Love, Sacrifice Nimbleness, Sacrifice Words, Reject
Sacrifices, Renounce Religion


You escaped.
You worshipped Ru.
Ru was aware of your devotion.
You were hungry.

You visited 1 branch of the dungeon, and saw 5 of its levels.

You collected 335 gold pieces.

Inventory:

Hand Weapons
 a - a +0 mace
 h - a +0 flail
 A - a +0 giant club (weapon)
Missiles
 u - 439 sling bullets
 w - 935 stones (quivered)
 B - 59 poisoned tomahawks
 D - 100 poisoned needles
Armour
 b - a +0 hat (worn)
 q - a +0 medium shield
Jewellery
 c - an amulet of guardian spirit (around neck)
 v - an uncursed ring of magical power {unknown}
Wands
 y - a wand of polymorph (13)
 C - a wand of scattershot (4)
Scrolls
 d - 4 scrolls of remove curse
 i - 2 scrolls of identify
 j - 3 scrolls of enchant armour
 k - 3 scrolls of fog
 l - a scroll of amnesia
 n - a scroll of noise {unknown}
 r - 2 scrolls of teleportation {unknown}
 t - a scroll of immolation {unknown}
 x - a scroll of blinking {unknown}
 F - a scroll of fear {unknown}
Potions
 f - 2 potions of curing {unknown}
 g - a potion of berserk rage {unknown}
 m - a potion of lignification {unknown}
 o - a potion of brilliance {unknown}
 p - a potion of magic {unknown}
 s - a potion of resistance {unknown}
 z - a potion of ambrosia {unknown}
Comestibles
 e - 9 rations {!d}


   Skills:
 + Level 5.5 Fighting
 + Level 9.2 Maces & Flails
 + Level 5.4 Dodging
 + Level 4.3 Stealth
   Level 2.4 Invocations


You had 7 spell levels left.
You didn't know any spells.
Your spell library contained the following spells:

 Spells                   Type           Power        Failure   Level  Hunger
 Flame Tongue             Conj/Fire      #....        36%         1    None
 Conjure Flame            Conj/Fire      #.......     75%         3    #####..
 Petrify                  Tmut/Erth      #.........   98%         4    ######.
 Irradiate                Conj/Tmut      #.........   100%        5    #######
 Beastly Appendage        Tmut           Unusable     N/A         1    N/A
 Blade Hands              Tmut           Unusable     N/A         5    N/A

Dungeon Overview and Level Annotations

Branches:
Dungeon (5/12)
 Temple: D:4-7

Altars:
Ashenzari
Ru
Trog


Innate Abilities, Weirdness & Mutations

You move and act slowly.
You can pass through walls and trees.
Your branches can wield two-handed weapons with a shield.
Your thick bark is tough. (AC +15)
You are too large for most types of armour.
You are immune to negative energy. (rN+++)
Your system is resistant to poisons. (rPois)
You have a slow metabolism.
You are immune to unholy pain and torment.
You can survive without breathing.
You cannot study or cast Air magic.
You cannot study or cast Hexes magic.
You cannot study or cast Summoning magic.


Message History

Things that are here:
a +0 robe; a +0 dagger
There is a stone staircase leading up here.
You climb upwards.
There is a stone staircase leading down here.
There is an escape hatch in the ceiling here.
There is a stone staircase leading up here.
You climb upwards.
There is a stone staircase leading down here.
There is a stone staircase leading up here.
You climb upwards.
There is a stone staircase leading down here.
You see here 133 bolts.
There is a stone staircase leading up here.
You climb upwards.
There is a stone staircase leading down here.
You see here a cursed -2 club.
There is a staircase leading out of the dungeon here.
Are you sure you want to leave the Dungeon?
This will make you lose the game!
You have escaped!

...# ######.##....#####.#
##.# ######.....#######.#
##.# ##...#.....#...###.#
...# ##.8.#.....#.8.###.#
#.## ##$..#.....#...###.#
#.# ######.....#######.# #.#
#..................# #.#
#...............##.# #.#
#.......@..........# #.#
#...............##.# #.#
#...............##.# #.#
#######.....#######.#
#.######.#...#.....#...###.#
........##.8.#.....#.8.###.#
########.#...#.....#...###.#
#######.....#######.#
###.##.#.#########.#


There were no monsters in sight!

Vanquished Creatures
  A phantom (D:5)
  An ogre (D:5)
  2 ice beasts
  3 sky beasts
  A bullfrog (D:5)
  A howler monkey (D:4)
  2 orc priests
  2 crimson imps
  A bullfrog zombie (D:5)
  A bullfrog skeleton (D:4)
  A hound (D:4)
  2 orc wizards (D:5)
  3 worker ants
  A hound zombie (D:5)
  4 adders
  A shadow imp (D:4)
  2 oozes
  3 adder skeletons (D:4)
  5 worms
  2 dart slugs (D:1)
  3 leopard geckos
  11 orcs
  A ball python (D:3)
  2 giant cockroaches
  6 goblins
  7 hobgoblins
  10 jackals
  8 kobolds
  A quokka (D:3)
  5 bats
  2 frilled lizards
  4 rats
99 creatures vanquished.

Vanquished Creatures (others)
  An orc wizard (D:5)
  A worm (D:4)
2 creatures vanquished.

Grand Total: 101 creatures vanquished

Notes
Turn   | Place    | Note
-------+----------+-------------------------------------------
     0 | D:1      | petercordia the Ent Monk began the quest for the Orb.
     0 | D:1      | Reached XP level 1. HP: 25/25 MP: 2/2
    86 | D:1      | Reached XP level 2. HP: 33/33 MP: 3/3
    92 | D:1      | Reached skill level 4 in Maces & Flails
   595 | D:1      | Reached XP level 3. HP: 42/42 MP: 4/4
  1096 | D:3      | Reached XP level 4. HP: 51/51 MP: 5/5
  1202 | D:3      | Noticed an ice beast
  1222 | D:3      | Killed an ice beast
  1223 | D:3      | Reached skill level 5 in Maces & Flails
  1223 | D:3      | Reached XP level 5. HP: 41/58 MP: 3/6
  1368 | D:3      | Found a sacrificial altar of Ru.
  1386 | D:3      | Became a worshipper of Ru the Awakened
  1391 | D:3      | Gained mutation: You cannot study or cast Air magic. [Ru
                  | sacrifice]
  1391 | D:3      | Gained mutation: You cannot study or cast Hexes magic. [Ru
                  | sacrifice]
  1391 | D:3      | Gained mutation: You cannot study or cast Summoning magic.
                  | [Ru sacrifice]
  1391 | D:3      | Reached * piety under Ru
  1555 | D:3      | Reached skill level 6 in Maces & Flails
  1937 | D:4      | Reached XP level 6. HP: 67/67 MP: 7/7
  2036 | D:4      | Identified the Incunabulum of Pessimism
  2077 | D:4      | Noticed a sky beast
  2331 | D:4      | Killed a sky beast
  2332 | D:4      | Reached skill level 7 in Maces & Flails
  2755 | D:4      | Reached XP level 7. HP: 77/77 MP: 8/8
  2786 | D:4      | Found a shattered altar of Ashenzari.
  2941 | D:5      | Entered Level 5 of the Dungeon
  3124 | D:5      | Found a bloodstained altar of Trog.
  3234 | D:5      | Reached skill level 5 in Fighting
  3234 | D:5      | Reached skill level 8 in Maces & Flails
  3314 | D:5      | Reached skill level 5 in Dodging
  3314 | D:5      | Reached XP level 8. HP: 75/86 MP: 7/9
  3531 | D:5      | Reached skill level 9 in Maces & Flails
  3918 | D:$      | Got out of the dungeon alive.

Skill      XL: |  1  2  3  4  5  6  7  8 |
---------------+-------------------------+-----
Maces & Flails | 4 5 6 7 8 9 |  9.2
Dodging        | 3 4 5 |  5.4
Stealth        | 3 4 |  4.3
Fighting       | 4 5 |  5.5
Invocations    | |  2.4

Action                   |  1- 3 |  4- 6 |  7- 9 || total
-------------------------+-------+-------+-------++-------
Melee: Mace              |   101 |    49 |       ||   150
       Flail             |       |   111 |    72 ||   183
       Giant club        |       |       |    56 ||    56
Invok: Sacrifice Arcana  |       |     1 |       ||     1
 Abil: Passwall          |       |     2 |       ||     2
  Use: Scroll            |     3 |       |       ||     3
 Stab: Sleeping          |     6 |     3 |     1 ||    10
       Paralysed         |       |     2 |       ||     2
  Eat: Chunk             |     3 |     9 |     8 ||    20
Armor: Skin              |    72 |    93 |    85 ||   250
Dodge: Dodged            |   102 |    89 |   117 ||   308
